[Event "Rated Blitz game"]
[Site "?"]
[Date "2021.03.16"]
[Round "?"]
[White "RoyalChessyoutube"]
[Black "Pri_sachu"]
[Result "1/2-1/2"]
[ECO "C46"]
[WhiteElo "2314"]
[BlackElo "2435"]
[PlyCount "54"]
[EventDate "2021.??.??"]
[EventType "blitz"]
[TimeControl "300+2"]

1. e4 e5 2. Nf3 Nc6 3. Nc3 Nf6 4. Nxe5 Nxe5 5. d4 Ng6 6. e5 Ng8 7. f4 d5 8. Bd3
Bb4 9. O-O Bxc3 10. bxc3 f5 11. g4 N8e7 12. g5 Be6 13. Rb1 b6 14. Ba6 c5 15. h4
h5 16. Be2 cxd4 17. cxd4 Rc8 18. Rf2 Qc7 19. Rh2 Kf7 20. Bxh5 Qc3 21. Rb3 Qa1
22. a4 Rxh5 23. Ra3 Qb1 24. Rb3 Qa2 25. Ra3 Qb1 26. Rb3 Qa1 27. Ra3 Qb1 {Normal
} 1/2-1/2

[Event "Rated Blitz game"]
[Site "?"]
[Date "2021.03.15"]
[Round "?"]
[White "PusheenMeow"]
[Black "sanu18"]
[Result "1-0"]
[ECO "C46"]
[WhiteElo "2401"]
[BlackElo "2333"]
[PlyCount "49"]
[EventDate "2021.??.??"]
[EventType "blitz"]
[TimeControl "180"]

1. e4 e5 2. Nf3 Nc6 3. Nc3 Nf6 4. Nxe5 Nxe5 5. d4 Nc6 6. e5 d5 7. exf6 Qxf6 8.
Bb5 Be6 9. O-O O-O-O 10. Bxc6 bxc6 11. Qd3 Bd6 12. Qa6+ Kd7 13. Re1 Qh4 14. g3
Qh3 15. Bg5 Rde8 16. Ne2 h6 17. Bf4 Bg4 18. Bxd6 Rxe2 19. Rxe2 Bf3 20. Re7+ Kd8
21. Qf1 Qxf1+ 22. Kxf1 cxd6 23. Rxf7 Be4 24. Rxa7 Bxc2 25. Ra8+ {Normal} 1-0

[Event "Rated Blitz game"]
[Site "?"]
[Date "2021.03.15"]
[Round "?"]
[White "maliRadojica"]
[Black "Lupus_clamat"]
[Result "0-1"]
[ECO "C46"]
[WhiteElo "2414"]
[BlackElo "2384"]
[PlyCount "62"]
[EventDate "2021.??.??"]
[EventType "blitz"]
[TimeControl "300"]

1. e4 e5 2. Nf3 Nc6 3. Nc3 Nf6 4. Nxe5 Nxe5 5. d4 Nc6 6. d5 Bb4 7. dxc6 Nxe4 8.
Qd4 Qe7 9. Be2 O-O 10. O-O Nxc3 11. bxc3 Bc5 12. cxb7 Bxb7 13. Qg4 Rfe8 14. Bd3
Qf6 15. Be3 Bxe3 16. fxe3 Qh6 17. Qxd7 Qxe3+ 18. Kh1 Re7 19. Qf5 g6 20. Qb5 c5
21. Rae1 Qxe1 22. Rxe1 Rxe1+ 23. Bf1 Be4 24. h3 h5 25. Kh2 Rd8 26. Bc4 Kg7 27.
Qxc5 Rd2 28. Qe5+ Kh7 29. Bf1 Rf2 30. c4 Rfxf1 31. c5 h4 {Normal} 0-1

[Event "Rated Blitz game"]
[Site "?"]
[Date "2021.03.15"]
[Round "?"]
[White "kahvitauko"]
[Black "DudeMediocre"]
[Result "1-0"]
[ECO "C46"]
[WhiteElo "2382"]
[BlackElo "2435"]
[PlyCount "139"]
[EventDate "2021.??.??"]
[EventType "blitz"]
[TimeControl "180"]

1. e4 e5 2. Nf3 Nf6 3. Nc3 Nc6 4. Nxe5 Nxe5 5. d4 Ng6 6. e5 Ng8 7. Bc4 d6 8.
Qf3 Be6 9. Qxb7 dxe5 10. Qc6+ Bd7 11. Qd5 Be6 12. Bb5+ Ke7 13. Qc5+ Kf6 14.
dxe5+ Nxe5 15. Ne4+ Kf5 16. Ng3+ Kf6 17. Bg5+ Kxg5 18. Qxe5+ f5 19. Ne4+ Kg6
20. Qxe6+ Nf6 21. Nxf6 gxf6 22. O-O Bd6 23. Bd3 Kg7 24. Qxf5 Rb8 25. Rae1 Rxb2
26. Re4 h5 27. Re6 Rh6 28. Rfe1 Rb4 29. h3 Rf4 30. Qb5 Qf8 31. Re8 Qf7 32. Bf5
a6 33. Qd7 Qxd7 34. Bxd7 Rg6 35. Be6 Bc5 36. Re2 f5 37. Rg8+ Kf6 38. Rxg6+ Kxg6
39. g3 Rb4 40. Kg2 Kf6 41. Bb3 a5 42. a4 Bd6 43. f3 c5 44. Re6+ Kg7 45. Rxd6 c4
46. Bxc4 Rxc4 47. Rd5 Rxc2+ 48. Kf1 Rc3 49. Rxf5 Kg6 50. g4 hxg4 51. hxg4 Ra3
52. Rxa5 Rxf3+ 53. Kg2 Ra3 54. Ra6+ Kg5 55. Ra8 Kxg4 56. a5 Kg5 57. a6 Kg6 58.
Kf2 Kf7 59. Ke2 Kg7 60. Kd2 Kf7 61. Kc2 Kg7 62. Kb2 Ra5 63. Kb3 Ra1 64. Kb4 Kf7
65. Kb5 Kg7 66. Kb6 Kh7 67. Ka7 Rb1 68. Rb8 Kg6 69. Rxb1 Kf7 70. Kb7 {Normal}
1-0

[Event "Rated Blitz game"]
[Site "?"]
[Date "2021.03.14"]
[Round "?"]
[White "highway_star"]
[Black "jeromeovich"]
[Result "0-1"]
[ECO "C46"]
[WhiteElo "2375"]
[BlackElo "2475"]
[PlyCount "36"]
[EventDate "2021.??.??"]
[EventType "blitz"]
[TimeControl "180"]

1. e4 e5 2. Nf3 Nc6 3. Nc3 Nf6 4. Nxe5 Nxe5 5. d4 Ng6 6. e5 Bb4 7. exf6 Qxf6 8.
Be3 O-O 9. Bc4 c6 10. O-O d5 11. Bd3 Bd7 12. Ne2 Bd6 13. c3 Rae8 14. Qd2 h6 15.
Rae1 Nh4 16. Bc2 Bh3 17. Qd3 g6 18. gxh3 Qf3 {Normal} 0-1

[Event "Rated Blitz tournament WoUoFPco"]
[Site "?"]
[Date "2021.03.14"]
[Round "?"]
[White "Starinov"]
[Black "John_Lokk"]
[Result "1-0"]
[ECO "C46"]
[WhiteElo "2444"]
[BlackElo "2252"]
[PlyCount "129"]
[EventDate "2021.??.??"]
[EventType "blitz"]
[TimeControl "180"]

1. e4 e5 2. Nf3 Nc6 3. Nc3 Nf6 4. Nxe5 Nxe5 5. d4 Ng6 6. e5 Ng8 7. Bc4 Bb4 8.
Qf3 Qe7 9. O-O Bxc3 10. bxc3 c6 11. a4 d5 12. exd6 Qxd6 13. Qxf7+ Kd8 14. Ba3
Qf6 15. Rfe1 Qxf7 16. Bxf7 Nf6 17. c4 Bd7 18. Bd6 Ne8 19. Bg3 Rf8 20. Bxg6 hxg6
21. a5 Nc7 22. Rab1 Ne6 23. Be5 Kc8 24. d5 cxd5 25. cxd5 Nf4 26. Rbd1 Bg4 27.
f3 Nxg2 28. fxg4 Nxe1 29. Rxe1 Kd7 30. Bxg7 Rf7 31. Bd4 Re8 32. Rb1 Kd6 33. c4
a6 34. Rb6+ Kc7 35. Rxg6 Re4 36. Bb6+ Kd7 37. c5 Rc4 38. Kg2 Rc3 39. h4 Re7 40.
c6+ bxc6 41. dxc6+ Rxc6 42. Rxc6 Kxc6 43. Kf3 Kd5 44. h5 Rf7+ 45. Kg3 Ke5 46.
Kh4 Kf6 47. Bd4+ Ke6 48. Kg5 Rf1 49. Kg6 Rf4 50. Bf6 Rxg4+ 51. Bg5 Rg3 52. h6
Rh3 53. h7 Rxh7 54. Kxh7 Kd5 55. Bd8 Kc6 56. Kg6 Kb5 57. Kf5 Kc6 58. Ke6 Kb7
59. Kd6 Ka8 60. Kc6 Ka7 61. Kc7 Ka8 62. Kb6 Kb8 63. Bf6 Ka8 64. Bd4 Kb8 65. Kc6
{Time forfeit} 1-0

[Event "Rated Blitz tournament XqNZeBWM"]
[Site "?"]
[Date "2021.03.14"]
[Round "?"]
[White "behzad200"]
[Black "Cellini"]
[Result "0-1"]
[ECO "C46"]
[WhiteElo "2247"]
[BlackElo "2456"]
[PlyCount "40"]
[EventDate "2021.??.??"]
[EventType "blitz"]
[TimeControl "300"]

1. e4 e5 2. Nf3 Nc6 3. Nc3 Nf6 4. Nxe5 Nxe5 5. d4 Ng6 6. Bd3 Bb4 7. O-O d6 8.
e5 dxe5 9. dxe5 Bxc3 10. bxc3 Nd5 11. Ba3 Nde7 12. Bxg6 hxg6 13. Qf3 Qd5 14.
Qf4 c5 15. Rad1 Qc6 16. Rd6 Qc7 17. Qe3 b6 18. Rfd1 O-O 19. Qf3 Be6 20. Bc1 Nf5
{Normal} 0-1

[Event "Rated Blitz tournament BgPqVX8B"]
[Site "?"]
[Date "2021.03.14"]
[Round "?"]
[White "PusheenMeow"]
[Black "lau_ocs"]
[Result "1-0"]
[ECO "C46"]
[WhiteElo "2393"]
[BlackElo "2400"]
[PlyCount "71"]
[EventDate "2021.??.??"]
[EventType "blitz"]
[TimeControl "300"]

1. e4 e5 2. Nf3 Nc6 3. Nc3 Nf6 4. Nxe5 Nxe5 5. d4 Ng6 6. e5 Ng8 7. Bc4 Bb4 8.
O-O Bxc3 9. bxc3 N8e7 10. f4 d5 11. Bd3 Bf5 12. Bxf5 Nxf5 13. g4 Nfe7 14. f5
Nf8 15. Ba3 Qd7 16. Rb1 O-O-O 17. Qe2 a6 18. Rxb7 Qc6 19. Rfb1 Kd7 20. Bc5 Nc8
21. a4 h5 22. h3 hxg4 23. Qxg4 Ke8 24. Qxg7 Qh6 25. Qxh6 Rxh6 26. Rxc7 Nd7 27.
Ra1 Nxc5 28. Rxc5 Rxh3 29. Rb1 Ne7 30. f6 Nf5 31. Rb7 Kf8 32. Rcc7 Nh6 33. Rd7
Rc8 34. Rbc7 Rxc3 35. Rxc3 Rxc3 36. Rd8# {Normal} 1-0

[Event "Rated Blitz game"]
[Site "?"]
[Date "2021.03.13"]
[Round "?"]
[White "Pepeoutai"]
[Black "sever81"]
[Result "0-1"]
[ECO "C46"]
[WhiteElo "2418"]
[BlackElo "2378"]
[PlyCount "100"]
[EventDate "2021.??.??"]
[EventType "blitz"]
[TimeControl "180+2"]

1. e4 e5 2. Nf3 Nc6 3. Nc3 Nf6 4. Nxe5 Nxe5 5. d4 Ng6 6. e5 Ng8 7. Bc4 Bb4 8.
Qf3 Qe7 9. O-O Bxc3 10. bxc3 d5 11. Bxd5 Nh6 12. Bxh6 gxh6 13. Bxb7 Bxb7 14.
Qxb7 O-O 15. f4 f5 16. Rab1 Kh8 17. Qf3 Rg8 18. g3 Rab8 19. c4 Rb4 20. Qd3 Rxb1
21. Rxb1 Nxf4 22. Qxf5 Ne2+ 23. Kg2 Nxd4 24. Qf6+ Qxf6 25. exf6 Rf8 26. Rb7
Rxf6 27. Rxc7 Ra6 28. Rd7 Nxc2 29. c5 Nb4 30. Rd6 Rxa2+ 31. Kh3 Rc2 32. Rd8+
Kg7 33. Rd7+ Kg6 34. Rxa7 Rxc5 35. Rb7 Nd3 36. Rb6+ Kg7 37. Rb7+ Kg8 38. Rb8+
Kg7 39. Rb7+ Kg6 40. Rb6+ Kg5 41. Rb7 Nf2+ 42. Kg2 Ng4 43. h4+ Kg6 44. Rb6+ Nf6
45. Kh3 h5 46. Ra6 Kf5 47. Ra7 Rc3 48. Rf7 Kg6 49. Rf8 Ne4 50. Rg8+ Kf7 {
Time forfeit} 0-1

[Event "Rated Blitz game"]
[Site "?"]
[Date "2021.03.13"]
[Round "?"]
[White "Logan-007"]
[Black "iplayfortnite"]
[Result "0-1"]
[ECO "C46"]
[WhiteElo "2569"]
[BlackElo "2613"]
[PlyCount "52"]
[EventDate "2021.??.??"]
[EventType "blitz"]
[TimeControl "180"]

1. e4 e5 2. Nf3 Nc6 3. Nc3 Nf6 4. Nxe5 Nxe5 5. d4 Ng6 6. e5 Ng8 7. Bc4 d6 8.
O-O dxe5 9. Qf3 Be6 10. d5 Bd7 11. d6 Nf6 12. Nd5 cxd6 13. Bg5 Be7 14. Nxf6+
gxf6 15. Bh6 Bc6 16. Qb3 d5 17. Rad1 Qb6 18. Qxb6 axb6 19. Bxd5 Bf8 20. Be3 Bc5
21. Bxc5 bxc5 22. Bxc6+ bxc6 23. Rd6 Rxa2 24. Rxc6 O-O 25. b3 Rxc2 26. Rxf6 Rb8
{Normal} 0-1

[Event "Rated Rapid game"]
[Site "?"]
[Date "2021.03.13"]
[Round "?"]
[White "russiansplashinface"]
[Black "RodgerDodger"]
[Result "1/2-1/2"]
[ECO "C46"]
[WhiteElo "2328"]
[BlackElo "2422"]
[PlyCount "85"]
[EventDate "2021.??.??"]
[EventType "rapid"]
[TimeControl "600"]

1. e4 e5 2. Nf3 Nc6 3. Nc3 Nf6 4. Nxe5 Nxe5 5. d4 Nc6 6. d5 Bb4 7. dxc6 bxc6 8.
Qd4 Qe7 9. Bd3 d5 10. e5 c5 11. Bb5+ Kf8 12. Qf4 d4 13. O-O dxc3 14. exf6 Qxf6
15. Qxc7 Be6 16. bxc3 Bxc3 17. Qxc5+ Kg8 18. Bg5 Qe5 19. Qxe5 Bxe5 20. Rae1 Bc3
21. Re3 Bd2 22. Rxe6 Bxg5 23. Re5 Bf6 24. Rc5 g6 25. Rd1 Kg7 26. Rd7 Rhd8 27.
Rcc7 Rxd7 28. Rxd7 Rd8 29. c4 Rxd7 30. Bxd7 Bd4 31. Kf1 Kf6 32. Ke2 Ke7 33. Bb5
Kd6 34. f4 h6 35. g4 f6 36. h4 Bb2 37. a4 Bc1 38. Kf3 g5 39. hxg5 hxg5 40. fxg5
fxg5 41. Ke4 Kc5 42. Kf5 a5 43. Ke5 {Normal} 1/2-1/2

[Event "Rated Blitz tournament vXsI7OcP"]
[Site "?"]
[Date "2021.03.13"]
[Round "?"]
[White "sim13a"]
[Black "Zhigalko_Andrey"]
[Result "0-1"]
[ECO "C46"]
[WhiteElo "2350"]
[BlackElo "2600"]
[PlyCount "104"]
[EventDate "2021.??.??"]
[EventType "blitz"]
[TimeControl "300"]

1. e4 e5 2. Nf3 Nc6 3. Nc3 Nf6 4. Nxe5 Nxe5 5. d4 Nc6 6. d5 Bb4 7. dxc6 bxc6 8.
Bd3 O-O 9. O-O Re8 10. Bg5 h6 11. Bh4 g5 12. Bg3 Bxc3 13. bxc3 Nxe4 14. Re1
Nxg3 15. hxg3 Rxe1+ 16. Qxe1 d5 17. c4 Be6 18. c5 Rb8 19. Qe5 Qe7 20. Re1 Qxc5
21. Qf6 Qf8 22. f4 Qg7 23. Qe7 gxf4 24. gxf4 Kh8 25. f5 Rg8 26. Re2 Qd4+ 27.
Kh2 Bxf5 28. Bxf5 Qf4+ 29. Kg1 Qxf5 30. Rf2 Qe6 31. Qxf7 Qxf7 32. Rxf7 Rg7 33.
Rf6 Kh7 34. Rxc6 Rd7 35. Ra6 c5 36. Rc6 c4 37. Kf2 Kg7 38. Ke3 Re7+ 39. Kd4 Re2
40. Kxd5 Rxc2 41. Rc7+ Kg6 42. Rxa7 c3 43. g4 Rd2+ 44. Ke4 c2 45. Rc7 Kg5 46.
Kf3 Rd3+ 47. Ke2 Rh3 48. Rc5+ Kxg4 49. Rxc2 Rh2+ 50. Kd3 Rh3+ 51. Kc4 Rf3 52.
Rc3 Rf4+ {Time forfeit} 0-1

[Event "Rated Blitz game"]
[Site "?"]
[Date "2021.03.13"]
[Round "?"]
[White "Ebuhurejra"]
[Black "Corchov"]
[Result "0-1"]
[ECO "C46"]
[WhiteElo "2401"]
[BlackElo "2461"]
[PlyCount "90"]
[EventDate "2021.??.??"]
[EventType "blitz"]
[TimeControl "180"]

1. e4 e5 2. Nf3 Nc6 3. Nc3 Nf6 4. Nxe5 Nxe5 5. d4 Ng6 6. e5 Bb4 7. exf6 Qxf6 8.
Be3 O-O 9. Bd3 d5 10. O-O c6 11. Ne2 Bd6 12. Ng3 Nf4 13. Bxf4 Qxf4 14. c3 g6
15. Re1 Bg4 16. Qb3 Rab8 17. h3 Bd7 18. Qc2 Kg7 19. Re3 h5 20. Rae1 h4 21. Nf1
Qf6 22. Be2 Bf4 23. Rf3 Qg5 24. Bd3 Rbe8 25. Rxe8 Rxe8 26. Qd1 b6 27. Be2 Bf5
28. Bd3 Be4 29. Bxe4 dxe4 30. Rxf4 Qxf4 31. Ne3 Rd8 32. Qa4 Qc7 33. Qc2 Qe7 34.
Qa4 c5 35. d5 Rd7 36. c4 Qe5 37. Qc2 f5 38. a3 Qd4 39. b3 Re7 40. a4 f4 41. Ng4
e3 42. fxe3 fxe3 43. Qe2 Qd2 44. Qf3 Qe1+ 45. Kh2 Qg3+ {Normal} 0-1

[Event "Rated Blitz game"]
[Site "?"]
[Date "2021.03.13"]
[Round "?"]
[White "Tanatov_2006"]
[Black "Buffy7"]
[Result "1/2-1/2"]
[ECO "C46"]
[WhiteElo "2437"]
[BlackElo "2669"]
[PlyCount "107"]
[EventDate "2021.??.??"]
[EventType "blitz"]
[TimeControl "180"]

1. e4 Nc6 2. Nc3 e5 3. Nf3 Nf6 4. Nxe5 Nxe5 5. d4 Nc6 6. e5 Bb4 7. exf6 Qxf6 8.
Be3 O-O 9. Be2 d5 10. O-O Bxc3 11. bxc3 Be6 12. Rb1 b6 13. Bd3 Bf5 14. Qf3 Bxd3
15. Qxf6 gxf6 16. cxd3 Rfe8 17. Rfe1 Nd8 18. Bf4 Ne6 19. Bg3 Rac8 20. Rb5 c6
21. Rb3 c5 22. dxc5 Rxc5 23. h4 h5 24. Ra3 a5 25. Rb1 Rec8 26. Rxb6 Rxc3 27.
Rxa5 Rxd3 28. Rd6 Rc1+ 29. Kh2 Rdd1 30. Kh3 Rh1+ 31. Bh2 Nf4+ 32. Kg3 Ne2+ 33.
Kh3 Ng1+ 34. Kg3 Rc4 35. Bxg1 Rxg1 36. Kf3 Rc3+ 37. Ke2 Rxg2 38. Rxf6 d4 39.
Rxh5 Rc2+ 40. Kd3 Rcxf2 41. Rxf2 Rxf2 42. a4 Ra2 43. a5 Ra4 44. Rf5 Kg7 45. h5
Kh6 46. Rd5 f6 47. Ke4 Kg7 48. Kf5 Kh6 49. Kxf6 d3 50. Rd8 Kh7 51. Rd7+ Kh6 52.
Rd8 Kxh5 53. Rxd3 Rxa5 54. Ke6 {Normal} 1/2-1/2

[Event "Rated Blitz tournament T9n0ithQ"]
[Site "?"]
[Date "2021.03.12"]
[Round "?"]
[White "etecsa"]
[Black "Proteuo"]
[Result "1/2-1/2"]
[ECO "C46"]
[WhiteElo "2455"]
[BlackElo "2382"]
[PlyCount "34"]
[EventDate "2021.??.??"]
[EventType "blitz"]
[TimeControl "180"]

1. e4 e5 2. Nf3 Nc6 3. Nc3 Nf6 4. Nxe5 Nxe5 5. d4 Ng6 6. e5 Bb4 7. exf6 Qxf6 8.
Be3 O-O 9. Bd3 Nf4 10. Bxf4 Qxf4 11. O-O Bxc3 12. bxc3 d5 13. Qh5 f5 14. Rae1
g6 15. Qe2 Qg5 16. c4 f4 17. cxd5 f3 {Normal} 1/2-1/2

[Event "Rated Blitz game"]
[Site "?"]
[Date "2021.03.12"]
[Round "?"]
[White "xenta_absenta"]
[Black "erwinsyah77"]
[Result "0-1"]
[ECO "C46"]
[WhiteElo "2510"]
[BlackElo "2333"]
[PlyCount "66"]
[EventDate "2021.??.??"]
[EventType "blitz"]
[TimeControl "180"]

1. e4 e5 2. Nf3 Nc6 3. Nc3 Nf6 4. Nxe5 Nxe5 5. d4 Nc6 6. e5 Ng8 7. Bc4 d5 8.
Bxd5 Nge7 9. Bf3 Nxd4 10. O-O Nxf3+ 11. Qxf3 Ng6 12. Rd1 Qe7 13. Nd5 Qc5 14.
Be3 Qc6 15. b4 Nxe5 16. Qe4 Bd6 17. b5 Qc4 18. Rd4 Qxb5 19. f4 f5 20. c4 Qb2
21. Qb1 Qxb1+ 22. Rxb1 Nc6 23. Rdd1 b6 24. c5 bxc5 25. Kh1 O-O 26. Rbc1 Bb7 27.
Bxc5 Bxc5 28. Rxc5 Rad8 29. Rdc1 Rfe8 30. h3 Rd6 31. Nxc7 Re2 32. Nd5 Nd8 33.
Nc3 Rxg2 {Normal} 0-1

[Event "Rated Blitz game"]
[Site "?"]
[Date "2021.03.12"]
[Round "?"]
[White "MiguelThal"]
[Black "Esthyna"]
[Result "0-1"]
[ECO "C46"]
[WhiteElo "2376"]
[BlackElo "2503"]
[PlyCount "86"]
[EventDate "2021.??.??"]
[EventType "blitz"]
[TimeControl "180"]

1. e4 Nc6 2. Nc3 e5 3. Nf3 Nf6 4. Nxe5 Nxe5 5. d4 Ng6 6. e5 Ng8 7. Bc4 d5 8.
Bxd5 c6 9. Bb3 Be6 10. O-O N8e7 11. f4 Nf5 12. Ne2 Bxb3 13. axb3 h5 14. Qd3 Qd7
15. c3 Be7 16. Ng3 Nxg3 17. Qxg3 h4 18. Qf3 Qf5 19. Be3 O-O 20. Rae1 a5 21. Bc1
a4 22. bxa4 Rxa4 23. Qd1 Rfa8 24. Rf3 b5 25. d5 Bc5+ 26. Kh1 cxd5 27. Qxd5 Be7
28. Ref1 b4 29. c4 Ra1 30. c5 Rd8 31. Qc4 Rc8 32. c6 Qe6 33. Qxe6 fxe6 34. f5
Nxe5 35. Re3 Ng4 36. Rxe6 Bc5 37. h3 Ne3 38. Re1 Nxf5 39. R6e5 Ng3+ 40. Kh2 Bd6
41. Re8+ Rxe8 42. Rxe8+ Kf7 43. Re1 Ne2+ {Normal} 0-1

[Event "Rated Blitz game"]
[Site "?"]
[Date "2021.03.12"]
[Round "?"]
[White "Ebuhurejra"]
[Black "Zaplya"]
[Result "0-1"]
[ECO "C46"]
[WhiteElo "2437"]
[BlackElo "2444"]
[PlyCount "32"]
[EventDate "2021.??.??"]
[EventType "blitz"]
[TimeControl "180"]

1. e4 e5 2. Nf3 Nc6 3. Nc3 Nf6 4. Nxe5 Nxe5 5. d4 Ng6 6. e5 Ng8 7. Bc4 Bb4 8.
Qf3 Bxc3+ 9. bxc3 Qe7 10. O-O Nh6 11. Bxh6 gxh6 12. Qe3 Qg5 13. f4 Qg4 14. Rf3
h5 15. f5 Nh4 16. Rf4 Qxg2# {Normal} 0-1

[Event "Rated Blitz game"]
[Site "?"]
[Date "2021.03.12"]
[Round "?"]
[White "maximsnigurov"]
[Black "sutcunuri"]
[Result "0-1"]
[ECO "C46"]
[WhiteElo "2531"]
[BlackElo "2540"]
[PlyCount "40"]
[EventDate "2021.??.??"]
[EventType "blitz"]
[TimeControl "180"]

1. e4 e5 2. Nf3 Nc6 3. Nc3 Nf6 4. Nxe5 Nxe5 5. d4 Ng6 6. e5 Bb4 7. exf6 Qxf6 8.
Be3 d5 9. Bd3 c6 10. O-O O-O 11. Ne2 Bg4 12. f3 Rae8 13. Bf2 Bf5 14. Ng3 Bxd3
15. Qxd3 Nf4 16. Qb3 Bd6 17. Rae1 h5 18. h4 Qxh4 19. Ne4 Ne2+ 20. Rxe2 Qh2# {
Normal} 0-1

[Event "Rated Blitz game"]
[Site "?"]
[Date "2021.03.12"]
[Round "?"]
[White "xenta_absenta"]
[Black "elinflado"]
[Result "1-0"]
[ECO "C46"]
[WhiteElo "2516"]
[BlackElo "2448"]
[PlyCount "59"]
[EventDate "2021.??.??"]
[EventType "blitz"]
[TimeControl "180"]

1. e4 e5 2. Nf3 Nc6 3. Nc3 Nf6 4. Nxe5 Nxe5 5. d4 Ng6 6. e5 Be7 7. exf6 Bxf6 8.
Be3 O-O 9. Qd2 d5 10. O-O-O c6 11. h4 Nxh4 12. Bd3 Bf5 13. g3 Bxd3 14. Qxd3 Ng6
15. Qf5 Re8 16. Qh5 Nf8 17. g4 Qd7 18. g5 Bd8 19. Rh4 Ba5 20. Ne2 Re4 21. Rxe4
dxe4 22. Ng3 g6 23. Qh4 Re8 24. Nxe4 Bd8 25. Nf6+ Bxf6 26. gxf6 h5 27. Rg1 Qd5
28. Rg5 Re4 29. Rxd5 Rxh4 30. Rd8 {Normal} 1-0

[Event "Rated Blitz game"]
[Site "?"]
[Date "2021.03.12"]
[Round "?"]
[White "Pepeoutai"]
[Black "ValentineDay2590"]
[Result "1-0"]
[ECO "C46"]
[WhiteElo "2383"]
[BlackElo "2456"]
[PlyCount "57"]
[EventDate "2021.??.??"]
[EventType "blitz"]
[TimeControl "180+2"]

1. e4 e5 2. Nf3 Nc6 3. Nc3 Nf6 4. Nxe5 Nxe5 5. d4 Nc6 6. d5 Bb4 7. dxc6 Nxe4 8.
Qd4 Qe7 9. Be3 O-O 10. Bd3 Nxc3 11. bxc3 Bd6 12. cxd7 Bxd7 13. O-O c5 14. Qd5
Be6 15. Qh5 g6 16. Qh6 c4 17. Be4 f5 18. Bf3 Be5 19. Bd4 Bxd4 20. cxd4 Rad8 21.
c3 b6 22. Rfe1 Qf6 23. Re5 Bf7 24. Rae1 Rfe8 25. Qe3 Kf8 26. Qh6+ Kg8 27. Qc1
Rxe5 28. Rxe5 Qe7 29. Rxe7 {Normal} 1-0

[Event "Rated Blitz game"]
[Site "?"]
[Date "2021.03.12"]
[Round "?"]
[White "LeePalma"]
[Black "weresloth"]
[Result "0-1"]
[ECO "C46"]
[WhiteElo "2525"]
[BlackElo "2549"]
[PlyCount "40"]
[EventDate "2021.??.??"]
[EventType "blitz"]
[TimeControl "180"]

1. e4 e5 2. Nf3 Nc6 3. Nc3 Nf6 4. Nxe5 Nxe5 5. d4 Ng6 6. e5 Bb4 7. exf6 Qxf6 8.
Bd3 d5 9. O-O c6 10. Re1+ Be6 11. h4 Qxh4 12. Qf3 Qxd4 13. Qg3 O-O-O 14. Be3
Qe5 15. f4 Qf6 16. Bxa7 Nh4 17. f5 Bd6 18. Qf2 Nxf5 19. Rf1 g6 20. Bd4 Qxd4 {
Normal} 0-1

[Event "Rated Blitz game"]
[Site "?"]
[Date "2021.03.11"]
[Round "?"]
[White "kahvitauko"]
[Black "micfel"]
[Result "1-0"]
[ECO "C46"]
[WhiteElo "2403"]
[BlackElo "2408"]
[PlyCount "93"]
[EventDate "2021.??.??"]
[EventType "blitz"]
[TimeControl "180"]

1. e4 e5 2. Nf3 Nf6 3. Nc3 Nc6 4. Nxe5 Nxe5 5. d4 Ng6 6. e5 Ng8 7. Bc4 d5 8.
Bxd5 c6 9. Be4 Bb4 10. O-O N8e7 11. Ne2 O-O 12. c3 Ba5 13. f4 Bf5 14. Bf3 Nh4
15. Ng3 Nxf3+ 16. Qxf3 Qd5 17. Nxf5 Nxf5 18. Qd3 g6 19. g4 Ne7 20. f5 f6 21.
Bh6 fxe5 22. Bxf8 Rxf8 23. fxg6 Nxg6 24. Rxf8+ Kxf8 25. Rf1+ Kg8 26. Qf5 exd4
27. Qc8+ Bd8 28. Qxb7 d3 29. Qxa7 d2 30. Qd4 Qxd4+ 31. cxd4 Bb6 32. Rd1 Bxd4+
33. Kf1 Be3 34. Ke2 Bg5 35. a4 Ne5 36. a5 Nc4 37. a6 Nb6 38. h4 Bf4 39. Kf3 Bh6
40. g5 Bf8 41. Rxd2 Kf7 42. a7 Ke7 43. Rd3 Bg7 44. Rb3 Bd4 45. Rxb6 Bxb6 46.
a8=Q Bd4 47. Qxc6 {Normal} 1-0

[Event "Rated Blitz game"]
[Site "?"]
[Date "2021.03.11"]
[Round "?"]
[White "LeePalma"]
[Black "Ivanchucky1609"]
[Result "1-0"]
[ECO "C46"]
[WhiteElo "2488"]
[BlackElo "2475"]
[PlyCount "107"]
[EventDate "2021.??.??"]
[EventType "blitz"]
[TimeControl "180"]

1. e4 e5 2. Nf3 Nc6 3. Nc3 Nf6 4. Nxe5 Nxe5 5. d4 Ng6 6. e5 Ng8 7. f4 d6 8. Bc4
dxe5 9. fxe5 Be6 10. d5 Nxe5 11. Bb3 Bg4 12. Qd4 Bd6 13. O-O Nf6 14. Bf4 Nfd7
15. Bxe5 Nxe5 16. Rae1 O-O 17. Rxe5 Bxe5 18. Qxe5 Qd6 19. Qg5 Qg6 20. Qf4 Rae8
21. Qxc7 Qb6+ 22. Qxb6 axb6 23. h3 Bh5 24. Nb5 Rd8 25. c4 Bg6 26. Nc7 Rd7 27.
Nb5 Re8 28. Rf2 Bd3 29. Nd4 b5 30. Nxb5 Rc8 31. Rf4 f6 32. Rd4 Bg6 33. Nc3 Bf7
34. Ba4 Rdd8 35. b4 b6 36. Bb5 Kf8 37. Kf2 Be8 38. Ke3 Bxb5 39. Nxb5 Re8+ 40.
Kd2 Red8 41. Re4 Ra8 42. a3 Rac8 43. Kd3 g6 44. Kd4 Kf7 45. c5 bxc5+ 46. bxc5
Rb8 47. Kc4 Rd7 48. c6 Re7 49. Rxe7+ Kxe7 50. Kc5 Rc8 51. d6+ Kd8 52. d7 Ra8
53. Kd6 Ra6 54. Nd4 {Normal} 1-0

[Event "Rated Blitz game"]
[Site "?"]
[Date "2021.03.11"]
[Round "?"]
[White "DynamoTresen"]
[Black "TrickOrTreat"]
[Result "1-0"]
[ECO "C46"]
[WhiteElo "2478"]
[BlackElo "2464"]
[PlyCount "61"]
[EventDate "2021.??.??"]
[EventType "blitz"]
[TimeControl "180"]

1. e4 e5 2. Nf3 Nc6 3. Nc3 Nf6 4. Nxe5 Nxe5 5. d4 Ng6 6. e5 Ng8 7. f4 d5 8. Bd3
Nh6 9. O-O Ne7 10. h3 g6 11. g4 Bg7 12. Qf3 c6 13. Ne2 Qb6 14. c3 Bd7 15. Rf2
O-O-O 16. Ng3 Rhf8 17. b4 a6 18. a4 Qc7 19. f5 gxf5 20. gxf5 f6 21. e6 Be8 22.
Bf4 Qb6 23. a5 Qa7 24. Kh2 Rg8 25. Rg1 Bf8 26. Rfg2 Rxg3 27. Bxg3 b6 28. Ra1 b5
29. Rf1 Kb7 30. Qf4 Nhg8 31. Qc7+ {Normal} 1-0

[Event "Rated Blitz game"]
[Site "?"]
[Date "2021.03.11"]
[Round "?"]
[White "DynamoTresen"]
[Black "clnm08042015"]
[Result "1-0"]
[ECO "C46"]
[WhiteElo "2487"]
[BlackElo "2414"]
[PlyCount "93"]
[EventDate "2021.??.??"]
[EventType "blitz"]
[TimeControl "180"]

1. e4 e5 2. Nf3 Nc6 3. Nc3 Nf6 4. Nxe5 Nxe5 5. d4 Ng6 6. f4 d5 7. f5 Nxe4 8.
Nxe4 dxe4 9. fxg6 hxg6 10. Bc4 Bd6 11. Qe2 Qe7 12. Bd2 c6 13. O-O-O Be6 14.
Rde1 Bxc4 15. Qxc4 O-O-O 16. d5 c5 17. Rxe4 Qc7 18. h3 Kb8 19. Rhe1 Rh5 20. Re8
Re5 21. R8xe5 Bxe5 22. Rxe5 Ka8 23. Qe4 Qd7 24. b3 f5 25. Qe2 Qd6 26. c4 Qf6
27. Kc2 a6 28. Bc3 Ka7 29. Re8 Rxe8 30. Qxe8 Qd6 31. Qe3 f4 32. Qf2 g5 33. b4
b6 34. bxc5 bxc5 35. Bxg7 Qg6+ 36. Kb3 Qxg7 37. Qxc5+ Kb7 38. Qc6+ Kb8 39. Qb6+
Kc8 40. Qxa6+ Kb8 41. Qb6+ Kc8 42. c5 Qe5 43. Qe6+ Qxe6 44. dxe6 Kd8 45. c6 Ke7
46. c7 f3 47. gxf3 {Normal} 1-0

[Event "Rated Blitz game"]
[Site "?"]
[Date "2021.03.11"]
[Round "?"]
[White "kahvitauko"]
[Black "micfel"]
[Result "1/2-1/2"]
[ECO "C46"]
[WhiteElo "2409"]
[BlackElo "2403"]
[PlyCount "112"]
[EventDate "2021.??.??"]
[EventType "blitz"]
[TimeControl "180"]

1. e4 e5 2. Nf3 Nf6 3. Nc3 Nc6 4. Nxe5 Nxe5 5. d4 Ng6 6. e5 Ng8 7. Bc4 d5 8.
Bxd5 c6 9. Be4 N8e7 10. O-O Nf5 11. Ne2 h5 12. f4 h4 13. Qd3 Nge7 14. g4 hxg3
15. hxg3 g6 16. Bd2 Nd5 17. a3 Be6 18. c4 Nb6 19. b3 Qd7 20. Bc3 O-O-O 21. Rfd1
Be7 22. d5 cxd5 23. cxd5 Nxd5 24. Rac1 Kb8 25. Bd4 Nxd4 26. Nxd4 Bxa3 27. Nxe6
fxe6 28. Bxd5 exd5 29. Rc2 Qh3 30. Qf3 g5 31. f5 g4 32. Qg2 Qh5 33. Rxd5 Qxf5
34. Rxd8+ Rxd8 35. Qe2 Rh8 36. e6 Bc5+ 37. Rxc5 Qb1+ 38. Kf2 Rh2+ 39. Ke3 Qxb3+
40. Kd2 Qb2+ 41. Rc2 Rxe2+ 42. Kxe2 Qxc2+ 43. Ke3 Qc6 44. e7 Qe6+ 45. Kf4 Qxe7
46. Kxg4 Kc7 47. Kf4 Kd6 48. g4 Qe5+ 49. Kf3 Ke6 50. g5 Kf5 51. g6 Kxg6 52. Kf2
Kf5 53. Kg2 Kf4 54. Kf1 Qe3 55. Kg2 Kg4 56. Kf1 Kf3 {Normal} 1/2-1/2